General information
- name: BNet
- type: Ladder team game (AT/RT)
- host: Battle.net
- saver: ANSOBANSO
map: FullScaleAssault
- players: 8
- length: 44:23
- speed: Fast
- version: 1.26 W3XP
- replay type: Public
» download(223 KB)
Players
team 1 (loser)
jasok (
red | 31 APM | 1120 actions | 36:33)
7 Death Knight
3 Death Coil
1 Death Pact
2 Unholy Aura
1 Animate Dead
» actions
| Basic commands | 597 | |
| Build / train | 124 | |
| Enter build submenu | 22 | |
| Enter hero's abilities submenu | 7 | |
| Give item / drop item | 3 | |
| Right click | 12 | |
| Select / deselect | 247 | |
| Use ability | 108 | |
1120 total
» units
| Acolyte | 14 | |
| Ghoul | 15 | |
| Crypt Fiend | 35 | |
| Frost Wyrm | 17 | |
| Goblin Shredder | 1 | |
| Blue Dragon | 1 | |
83 total
» upgrades
| Creature Attack | 3 | |
| Creature Carapace | 3 | |
| Web | 1 | |
| Freezing Breath | 1 | |
8 total
» buildings
| Altar of Darkness | 1 | |
| Ziggurat | 8 | |
| Crypt | 1 | |
| Graveyard | 1 | |
| Tomb of Relics | 1 | |
| Halls of the Dead | 1 | |
| Necropolis | 1 | |
| Black Citadel | 1 | |
| Sacrificial Pit | 1 | |
| Boneyard | 3 | |
| Spirit Tower | 3 | |
22 total
» build order
00:26 Altar of Darkness
00:29 Ziggurat
00:57 Crypt
01:08 Graveyard
01:25 Ziggurat
01:37 Tomb of Relics
02:40 Ziggurat
05:04 Halls of the Dead
05:12 Ziggurat
05:17 Ziggurat
07:13 Ziggurat
07:16 Necropolis
09:14 Black Citadel
09:16 Sacrificial Pit
10:49 Ziggurat
12:15 Boneyard
12:19 Boneyard
12:22 Boneyard
12:26 Ziggurat
24:23 Spirit Tower
29:31 Spirit Tower
30:05 Spirit Tower
» items
| Rod of Necromancy | 3 | |
| Sacrificial Skull | 2 | |
| Scroll of Town Portal | 4 | |
| Potion of Healing | 3 | |
| Potion of Mana | 2 | |
| Potion of Lesser Invulnerability | 2 | |
| Orb of Corruption | 4 | |
20 total
NaiLz7768 (
purple | 43 APM | 1870 actions | 43:52)
5 Blademaster
2 Wind Walk
3 Critical Strike
4 Shadow Hunter
2 Healing Wave
1 Hex
1 Serpent Ward
» actions
| Assign group hotkey | 8 | |
| Basic commands | 18 | |
| Build / train | 89 | |
| ESC pressed | 5 | |
| Enter build submenu | 52 | |
| Enter hero's abilities submenu | 9 | |
| Give item / drop item | 4 | |
| Remove unit from queue | 10 | |
| Right click | 642 | |
| Select / deselect | 289 | |
| Select group hotkey | 621 | |
| Use ability | 123 | |
1870 total
» units
| Peon | 13 | |
| Wind Rider | 8 | |
| Goblin Shredder | 1 | |
| Troll Batrider | 18 | |
| Shaman | 3 | |
| Troll Witch Doctor | 1 | |
| Goblin Zeppelin | 1 | |
| Acolyte | 1 | |
46 total
» upgrades
| Ranged Weapons | 3 | |
| Spiked Barricades | 3 | |
| Envenomed Spears | 1 | |
| Liquid Fire | 1 | |
| Shaman Training | 2 | |
| Witch Doctor Training | 2 | |
| Reinforced Defenses | 1 | |
| Armor | 3 | |
16 total
» buildings
| Altar of Storms | 1 | |
| Orc Burrow | 8 | |
| Voodoo Lounge | 1 | |
| Stronghold | 1 | |
| War Mill | 1 | |
| Beastiary | 3 | |
| Great Hall | 6 | |
| Fortress | 1 | |
| Spirit Lodge | 2 | |
| Watch Tower | 26 | |
50 total
» build order
00:12 Altar of Storms
00:18 Orc Burrow
01:08 Voodoo Lounge
01:54 Stronghold
02:27 Orc Burrow
02:48 War Mill
03:05 Orc Burrow
04:21 Beastiary
04:25 Beastiary
05:57 Orc Burrow
07:00 Great Hall
08:19 Orc Burrow
08:37 Fortress
10:02 Beastiary
10:49 Orc Burrow
12:02 Spirit Lodge
12:23 Spirit Lodge
13:17 Orc Burrow
13:23 Orc Burrow
13:31 Watch Tower
13:42 Watch Tower
14:40 Watch Tower
14:43 Watch Tower
16:50 Watch Tower
17:07 Watch Tower
18:02 Watch Tower
18:20 Watch Tower
19:17 Watch Tower
20:33 Watch Tower
20:47 Watch Tower
21:38 Watch Tower
21:52 Watch Tower
22:44 Watch Tower
23:08 Watch Tower
24:22 Watch Tower
24:53 Great Hall
25:35 Watch Tower
27:04 Watch Tower
28:32 Great Hall
28:43 Watch Tower
28:46 Watch Tower
31:15 Great Hall
32:00 Great Hall
32:25 Watch Tower
32:37 Watch Tower
32:42 Watch Tower
34:13 Great Hall
34:16 Watch Tower
34:19 Watch Tower
34:59 Watch Tower
» items
| Healing Salve | 1 | |
| Lesser Clarity Potion | 1 | |
| Scroll of Town Portal | 1 | |
| Orb of Lightning | 1 | |
| Tiny Great Hall | 1 | |
5 total
GodsGoodBuddy (
blue | 55 APM | 2455 actions | 44:20)
6 Blademaster
3 Wind Walk
2 Critical Strike
1 Bladestorm
» actions
| Assign group hotkey | 203 | |
| Basic commands | 165 | |
| Build / train | 85 | |
| Enter build submenu | 52 | |
| Enter hero's abilities submenu | 6 | |
| Give item / drop item | 10 | |
| Remove unit from queue | 4 | |
| Right click | 969 | |
| Select / deselect | 422 | |
| Select group hotkey | 328 | |
| Use ability | 208 | |
2455 total
» units
| Peon | 8 | |
| Grunt | 4 | |
| Goblin Shredder | 1 | |
| Goblin Sapper | 8 | |
| Troll Batrider | 4 | |
| Goblin Zeppelin | 2 | |
| Wind Rider | 5 | |
| Acolyte | 1 | |
| Demolisher | 5 | |
38 total
» upgrades
| Reinforced Defenses | 1 | |
| Ranged Weapons | 3 | |
| Armor | 3 | |
| Troll Regeneration | 1 | |
| Liquid Fire | 1 | |
| Envenomed Spears | 1 | |
| Ensnare | 1 | |
| Pillage | 1 | |
| Burning Oil | 1 | |
| Berserker Strength | 0 | |
13 total
» buildings
| Orc Burrow | 4 | |
| Altar of Storms | 1 | |
| Barracks | 4 | |
| Voodoo Lounge | 4 | |
| Stronghold | 3 | |
| Great Hall | 3 | |
| Fortress | 1 | |
| Beastiary | 4 | |
| War Mill | 2 | |
| Watch Tower | 50 | |
76 total
» build order
00:13 Orc Burrow
00:51 Altar of Storms
00:52 Barracks
01:07 Orc Burrow
01:59 Voodoo Lounge
03:08 Stronghold
04:03 Orc Burrow
05:00 Great Hall
06:31 Fortress
06:37 Beastiary
06:38 Beastiary
07:22 Beastiary
07:26 Beastiary
07:48 Orc Burrow
08:11 War Mill
08:17 War Mill
10:17 Watch Tower
10:17 Watch Tower
10:18 Watch Tower
14:16 Watch Tower
14:17 Watch Tower
14:18 Watch Tower
14:19 Watch Tower
14:21 Watch Tower
17:57 Great Hall
18:00 Watch Tower
18:01 Watch Tower
18:01 Watch Tower
18:01 Watch Tower
18:03 Watch Tower
18:04 Watch Tower
18:04 Watch Tower
18:05 Watch Tower
18:06 Watch Tower
18:07 Watch Tower
18:07 Watch Tower
18:08 Watch Tower
23:05 Great Hall
23:10 Watch Tower
23:10 Watch Tower
23:10 Watch Tower
23:11 Watch Tower
23:16 Watch Tower
23:16 Watch Tower
23:17 Watch Tower
23:17 Watch Tower
23:18 Watch Tower
23:19 Watch Tower
23:19 Watch Tower
23:20 Watch Tower
24:29 Watch Tower
24:29 Watch Tower
24:30 Watch Tower
24:31 Watch Tower
24:32 Watch Tower
24:32 Watch Tower
24:33 Watch Tower
24:34 Watch Tower
24:34 Watch Tower
24:35 Watch Tower
24:38 Watch Tower
24:39 Watch Tower
24:40 Watch Tower
27:31 Voodoo Lounge
27:40 Voodoo Lounge
28:45 Watch Tower
28:47 Watch Tower
30:57 Watch Tower
30:58 Watch Tower
30:58 Watch Tower
31:35 Stronghold
31:39 Stronghold
34:14 Voodoo Lounge
40:16 Barracks
40:17 Barracks
40:18 Barracks
» items
| Healing Salve | 5 | |
| Lesser Clarity Potion | 3 | |
| Scroll of Town Portal | 4 | |
| Orb of Lightning | 1 | |
| Potion of Healing | 3 | |
| Periapt of Vitality | 1 | |
| Staff of Teleportation | 1 | |
| Potion of Lesser Invulnerability | 1 | |
19 total
General_Overton (
teal | 28 APM | 1092 actions | 38:32)
6 Tauren Chieftain
3 Shockwave
2 Endurance Aura
1 Reincarnation
3 Pandaren Brewmaster
2 Breath of Fire
1 Drunken Brawler
» actions
| Assign group hotkey | 34 | |
| Basic commands | 38 | |
| Build / train | 90 | |
| ESC pressed | 4 | |
| Enter build submenu | 33 | |
| Enter hero's abilities submenu | 9 | |
| Remove unit from queue | 3 | |
| Right click | 336 | |
| Select / deselect | 308 | |
| Select group hotkey | 179 | |
| Use ability | 56 | |
1092 total
» units
| Peon | 19 | |
| Grunt | 23 | |
| Tauren | 14 | |
| Troll Batrider | 6 | |
62 total
» upgrades
| Pillage | 1 | |
| Berserker Strength | 1 | |
| Spiked Barricades | 1 | |
| Armor | 3 | |
| Melee Weapons | 3 | |
| Pulverize | 1 | |
| Reinforced Defenses | 1 | |
11 total
» buildings
| Orc Burrow | 10 | |
| Altar of Storms | 1 | |
| Barracks | 1 | |
| Stronghold | 1 | |
| Great Hall | 9 | |
| War Mill | 1 | |
| Voodoo Lounge | 1 | |
| Fortress | 1 | |
| Tauren Totem | 2 | |
| Watch Tower | 3 | |
| Beastiary | 1 | |
31 total
» build order
00:09 Orc Burrow
00:13 Altar of Storms
00:20 Barracks
02:19 Orc Burrow
02:55 Orc Burrow
03:06 Orc Burrow
04:57 Stronghold
05:33 Orc Burrow
06:00 Great Hall
06:53 War Mill
06:57 Voodoo Lounge
08:20 Orc Burrow
10:05 Fortress
10:14 Orc Burrow
12:32 Tauren Totem
12:35 Tauren Totem
19:38 Orc Burrow
19:38 Orc Burrow
19:43 Orc Burrow
23:16 Great Hall
23:19 Great Hall
23:25 Great Hall
26:39 Watch Tower
26:40 Watch Tower
26:40 Watch Tower
33:12 Great Hall
33:26 Great Hall
33:38 Great Hall
33:45 Great Hall
34:49 Great Hall
36:20 Beastiary
» items
team 2 (winner)

»
StockPickingDB (
yellow | 66 APM | 1336 actions | 20:12)
6 Priestess of the Moon
3 Trueshot Aura
2 Searing Arrows
1 Starfall
3 Keeper of the Grove
2 Entangling Roots
1 Thorns Aura
» actions
| Assign group hotkey | 27 | |
| Basic commands | 79 | |
| Build / train | 77 | |
| ESC pressed | 14 | |
| Enter build submenu | 17 | |
| Enter hero's abilities submenu | 9 | |
| Right click | 435 | |
| Select / deselect | 258 | |
| Select group hotkey | 367 | |
| Use ability | 53 | |
1336 total
» units
| Wisp | 23 | |
| Archer | 15 | |
| Hippogryph | 8 | |
46 total
» upgrades
| Strength of the Moon | 3 | |
| Moon Armor | 2 | |
| Improved Bows | 1 | |
| Hippogryph Taming | 1 | |
| Marksmanship | 1 | |
8 total
» buildings
| Ancient of War | 1 | |
| Moon Well | 8 | |
| Altar of Elders | 1 | |
| Hunter's Hall | 1 | |
| Tree of Life | 2 | |
| Tree of Ages | 2 | |
| Ancient of Wind | 2 | |
| Ancient of Wonders | 1 | |
| Tree of Eternity | 2 | |
20 total
» build order
00:18 Ancient of War
00:31 Moon Well
00:45 Altar of Elders
01:52 Moon Well
01:59 Moon Well
03:56 Hunter's Hall
04:26 Tree of Life
05:00 Moon Well
05:11 Tree of Ages
05:12 Tree of Ages
07:49 Ancient of Wind
07:51 Ancient of Wind
08:31 Ancient of Wonders
08:34 Tree of Eternity
08:34 Tree of Eternity
10:12 Moon Well
10:15 Moon Well
16:20 Tree of Life
17:02 Moon Well
17:05 Moon Well
» items
| Orb of Venom | 1 | |
| Scroll of Town Portal | 1 | |
2 total

»
Supremo (
orange | 47 APM | 952 actions | 20:25)
5 Priestess of the Moon
2 Searing Arrows
3 Trueshot Aura
» actions
| Assign group hotkey | 12 | |
| Build / train | 61 | |
| ESC pressed | 11 | |
| Enter build submenu | 22 | |
| Enter hero's abilities submenu | 5 | |
| Give item / drop item | 2 | |
| Right click | 320 | |
| Select / deselect | 180 | |
| Select group hotkey | 276 | |
| Use ability | 63 | |
952 total
» units
| Wisp | 32 | |
| Archer | 4 | |
| Druid of the Talon | 2 | |
| Dryad | 3 | |
| Chimaera | 2 | |
| Goblin Shredder | 1 | |
44 total
» upgrades
| Druid of the Talon Training | 1 | |
| Abolish Magic | 1 | |
| Strength of the Wild | 1 | |
| Reinforced Hides | 1 | |
| Corrosive Breath | 1 | |
5 total
» buildings
| Moon Well | 10 | |
| Ancient of War | 1 | |
| Altar of Elders | 1 | |
| Tree of Ages | 1 | |
| Hunter's Hall | 1 | |
| Tree of Life | 3 | |
| Tree of Eternity | 1 | |
| Ancient of Wind | 1 | |
| Ancient of Lore | 1 | |
| Chimaera Roost | 2 | |
| Ancient of Wonders | 1 | |
23 total
» build order
00:22 Moon Well
00:42 Ancient of War
00:51 Altar of Elders
01:15 Moon Well
03:30 Tree of Ages
03:45 Moon Well
04:28 Hunter's Hall
05:10 Tree of Life
05:26 Moon Well
05:53 Tree of Eternity
07:01 Ancient of Wind
07:13 Ancient of Lore
07:57 Tree of Life
08:33 Chimaera Roost
09:18 Chimaera Roost
10:31 Ancient of Wonders
10:48 Moon Well
11:27 Moon Well
11:30 Moon Well
12:10 Moon Well
13:16 Moon Well
13:20 Moon Well
14:44 Tree of Life
» items
| Scroll of Town Portal | 2 | |
| Anti-magic Potion | 1 | |
| Potion of Healing | 1 | |
4 total
ANSOBANSO (
pink | 60 APM | 2674 actions | 44:23)
9 Archmage
3 Summon Water Elemental
3 Brilliance Aura
1 Mass Teleport
2 Blizzard
» actions
| Assign group hotkey | 66 | |
| Basic commands | 8 | |
| Build / train | 108 | |
| Enter build submenu | 41 | |
| Enter hero's abilities submenu | 9 | |
| Give item / drop item | 6 | |
| Right click | 1154 | |
| Select / deselect | 377 | |
| Select group hotkey | 678 | |
| Use ability | 227 | |
2674 total
» units
| Peasant | 16 | |
| Goblin Shredder | 2 | |
| Dragonhawk Rider | 6 | |
| Goblin Zeppelin | 6 | |
| Gryphon Rider | 3 | |
| Blue Dragon | 1 | |
34 total
» upgrades
| Masonry | 3 | |
| Swords | 2 | |
| Armor | 2 | |
| Cloud | 1 | |
| Storm Hammers | 1 | |
| Animal War Training | 1 | |
10 total
» buildings
| Altar of Kings | 2 | |
| Farm | 18 | |
| Lumber Mill | 2 | |
| Scout Tower | 76 | |
| Keep | 3 | |
| Arcane Vault | 2 | |
| Arcane Tower | 4 | |
| Guard Tower | 28 | |
| Gryphon Aviary | 6 | |
| Castle | 2 | |
| Town Hall | 3 | |
| Blacksmith | 1 | |
| Barracks | 1 | |
| Spirit Tower | 1 | |
149 total
» build order
00:09 Altar of Kings
00:21 Farm
01:12 Farm
01:56 Lumber Mill
02:14 Scout Tower
02:16 Keep
02:24 Farm
02:35 Arcane Vault
02:59 Arcane Tower
03:03 Scout Tower
03:31 Guard Tower
03:32 Guard Tower
04:07 Scout Tower
04:38 Gryphon Aviary
04:46 Gryphon Aviary
05:23 Farm
05:25 Farm
07:03 Guard Tower
07:26 Farm
07:51 Castle
08:43 Town Hall
08:45 Scout Tower
08:45 Scout Tower
08:47 Scout Tower
08:55 Guard Tower
09:20 Guard Tower
09:39 Blacksmith
10:08 Scout Tower
10:08 Scout Tower
10:09 Scout Tower
10:37 Scout Tower
10:37 Scout Tower
10:38 Scout Tower
10:38 Scout Tower
11:06 Guard Tower
11:09 Guard Tower
11:15 Barracks
11:31 Guard Tower
11:33 Scout Tower
11:33 Scout Tower
11:36 Guard Tower
12:12 Guard Tower
12:48 Town Hall
12:50 Guard Tower
13:46 Scout Tower
13:46 Scout Tower
13:46 Scout Tower
13:46 Scout Tower
13:47 Scout Tower
13:48 Scout Tower
13:48 Scout Tower
14:46 Guard Tower
15:10 Guard Tower
15:10 Guard Tower
15:55 Scout Tower
15:55 Scout Tower
15:55 Scout Tower
15:56 Scout Tower
15:57 Scout Tower
15:57 Scout Tower
15:57 Scout Tower
16:27 Guard Tower
17:02 Guard Tower
17:02 Guard Tower
17:05 Scout Tower
17:05 Scout Tower
17:06 Scout Tower
17:07 Scout Tower
17:07 Scout Tower
17:35 Guard Tower
18:21 Gryphon Aviary
18:24 Guard Tower
20:28 Scout Tower
20:29 Scout Tower
20:30 Scout Tower
20:30 Scout Tower
20:30 Scout Tower
20:31 Scout Tower
20:31 Scout Tower
21:02 Guard Tower
21:29 Guard Tower
21:31 Scout Tower
21:32 Scout Tower
21:32 Scout Tower
21:33 Scout Tower
21:34 Scout Tower
21:35 Scout Tower
21:36 Scout Tower
21:38 Scout Tower
21:40 Scout Tower
21:41 Scout Tower
21:42 Scout Tower
21:43 Scout Tower
21:43 Scout Tower
22:43 Guard Tower
23:02 Guard Tower
23:49 Scout Tower
23:49 Scout Tower
23:49 Scout Tower
23:50 Scout Tower
23:51 Scout Tower
23:51 Scout Tower
24:07 Scout Tower
24:08 Scout Tower
25:07 Spirit Tower
25:10 Arcane Tower
25:10 Arcane Tower
28:38 Lumber Mill
29:08 Scout Tower
29:08 Scout Tower
29:09 Scout Tower
29:09 Scout Tower
29:10 Scout Tower
29:10 Scout Tower
29:11 Scout Tower
29:11 Scout Tower
29:12 Scout Tower
29:14 Scout Tower
29:16 Scout Tower
29:17 Scout Tower
29:17 Scout Tower
29:57 Guard Tower
29:58 Guard Tower
30:42 Guard Tower
31:55 Arcane Vault
33:26 Keep
33:27 Keep
34:43 Altar of Kings
35:58 Farm
35:58 Farm
35:58 Farm
35:59 Farm
36:01 Farm
36:02 Farm
36:04 Farm
36:06 Farm
37:08 Farm
37:09 Farm
37:11 Farm
37:11 Farm
37:24 Arcane Tower
37:27 Castle
38:27 Town Hall
40:09 Gryphon Aviary
40:10 Gryphon Aviary
40:11 Gryphon Aviary
» items
| Staff of Teleportation | 1 | |
| Boots of Speed | 1 | |
| Scroll of Regeneration | 1 | |
| Ivory Tower | 4 | |
| Scroll of Town Portal | 5 | |
| Mechanical Critter | 2 | |
| Potion of Lesser Invulnerability | 1 | |
| Scroll of Healing | 1 | |
16 total
x3m_test (
green | 63 APM | 1290 actions | 20:29)
5 Death Knight
3 Death Coil
2 Unholy Aura
2 Dark Ranger
1 Silence
1 Black Arrow
» actions
| Assign group hotkey | 93 | |
| Basic commands | 13 | |
| Build / train | 66 | |
| ESC pressed | 1 | |
| Enter build submenu | 21 | |
| Enter hero's abilities submenu | 7 | |
| Give item / drop item | 4 | |
| Remove unit from queue | 4 | |
| Right click | 505 | |
| Select / deselect | 195 | |
| Select group hotkey | 333 | |
| Use ability | 48 | |
1290 total
» units
| Acolyte | 12 | |
| Ghoul | 3 | |
| Crypt Fiend | 13 | |
28 total
» upgrades
| Creature Attack | 2 | |
| Web | 1 | |
| Burrow | 1 | |
| Creature Carapace | 2 | |
6 total
» buildings
| Altar of Darkness | 1 | |
| Ziggurat | 16 | |
| Crypt | 2 | |
| Graveyard | 1 | |
| Tomb of Relics | 1 | |
| Nerubian Tower | 4 | |
| Spirit Tower | 5 | |
| Halls of the Dead | 1 | |
| Black Citadel | 1 | |
| Sacrificial Pit | 1 | |
| Necropolis | 1 | |
| Boneyard | 2 | |
36 total
» build order
00:22 Altar of Darkness
00:24 Ziggurat
00:27 Crypt
00:49 Graveyard
01:14 Tomb of Relics
01:24 Ziggurat
03:18 Ziggurat
03:25 Nerubian Tower
04:19 Spirit Tower
05:29 Halls of the Dead
06:18 Ziggurat
07:17 Crypt
08:01 Black Citadel
10:06 Spirit Tower
10:11 Ziggurat
10:17 Sacrificial Pit
13:27 Necropolis
13:30 Ziggurat
13:31 Ziggurat
13:32 Ziggurat
14:04 Nerubian Tower
14:11 Ziggurat
14:13 Ziggurat
14:27 Spirit Tower
14:36 Ziggurat
14:49 Nerubian Tower
15:54 Spirit Tower
17:03 Ziggurat
17:04 Ziggurat
17:19 Spirit Tower
17:44 Ziggurat
17:46 Ziggurat
17:47 Ziggurat
18:09 Nerubian Tower
19:38 Boneyard
19:39 Boneyard
» items
| Rod of Necromancy | 1 | |
| Dust of Appearance | 2 | |
| Scroll of Regeneration | 1 | |
| Lesser Clarity Potion | 1 | |
| Orb of Corruption | 1 | |
| Sacrificial Skull | 1 | |
| Scroll of Town Portal | 1 | |
8 total
Chat log
(00:19 / Allies) x3m_test: ty
(01:40 / Allies) StockPickingDB: potm here
(01:46 / Allies) ANSOBANSO: aa griffs
(02:08 / Allies) ANSOBANSO: gonnna try to get both island expos
(02:14 / Allies) StockPickingDB: hmm
(03:09 / Allies) StockPickingDB: orange
(05:15 / Allies) ANSOBANSO: someone be a pal and help me get a shredder
(05:26 / Allies) x3m_test: omw
(06:36 / Allies) StockPickingDB: cancel u newb
(06:38 / Allies) StockPickingDB: jewsus
(06:57 / Allies) x3m_test: b
(07:02 / Allies) StockPickingDB: come
(07:03 / Allies) StockPickingDB: now
(07:29 / Allies) x3m_test: repair}
(08:54 / Allies) StockPickingDB: coming
(09:04 / All) ANSOBANSO: u guys hack what gives?
(09:12 / All) General_Overton: yall suck
(10:53 / Allies) StockPickingDB: go mid
(11:31 / Allies) StockPickingDB: wood?
(13:58 / Allies) StockPickingDB: rdy to hit?
(14:00 / Allies) x3m_test: bats or raiders... tower ur mains
(14:52 / Allies) StockPickingDB: coming
(15:01 / Allies) ANSOBANSO: tp to me
(15:06 / All) NaiLz7768: cute towers
(15:32 / All) ANSOBANSO: cute expo
(16:23 / Allies) Supremo: pink
(16:26 / Allies) Supremo: over 3K gold
(16:31 / Allies) Supremo: done nothing...
(17:16 / Allies) StockPickingDB: get units yall
(17:26 / Allies) Supremo: talk to pink
(17:37 / Allies) Supremo: just towers everywhere
(17:50 / Allies) Supremo: i guess he will lift them up and move them, to fight
(18:11 / Allies) StockPickingDB: we should hit
(18:19 / Allies) x3m_test: im rdy
(18:25 / Allies) StockPickingDB: all go
(18:26 / Allies) ANSOBANSO: me too
(18:30 / Allies) Supremo: i'm pretty dead for 5 mins
(18:49 / Allies) ANSOBANSO: GOOG
(19:04 / Allies) StockPickingDB: b
(19:19 / Allies) Supremo: pink, 2 gryphs and 1 hawk
(19:20 / Allies) Supremo: lol
(19:23 / Allies) ANSOBANSO: y did yellow tp
(19:57 / All) x3m_test: why u have 4k and not so much units??
(20:21 / Allies) Supremo: pink noob
(20:22 / All) General_Overton: gg
(20:27 / All) x3m_test: gg noob pink...
(28:30 / All) ANSOBANSO: nooby
(31:02 / All) ANSOBANSO: leave noobies
(35:29 / All) ANSOBANSO: leave plz
(35:31 / All) ANSOBANSO: free win for me
(35:37 / All) NaiLz7768: no chance
(36:19 / All) jasok: pink win because teamkiller
(36:23 / All) jasok: bye
(36:24 / All) ANSOBANSO: stfu lawl
(36:26 / All) jasok: noob
(36:27 / All) ANSOBANSO: u guys suck
(36:28 / All) ANSOBANSO: ass
(36:31 / All) ANSOBANSO: give me my free win
(36:51 / All) ANSOBANSO: ur turn purple
(36:52 / All) ANSOBANSO: out
(38:38 / All) ANSOBANSO: ur turn purple
(38:39 / All) ANSOBANSO: out plz
(38:53 / All) ANSOBANSO: nail from dragonball z?
(42:08 / All) ANSOBANSO: nooby nail
(42:09 / All) ANSOBANSO: nooby
(43:01 / All) ANSOBANSO: maybe one day u wont suck at wc3 purple
(43:25 / All) ANSOBANSO: this sure is a humiliaating loss
(43:51 / All) NaiLz7768: not sure what dick is in blews ass but fuck him
(43:57 / All) ANSOBANSO: lalw
(44:03 / All) GodsGoodBuddy: lol
(44:06 / All) GodsGoodBuddy: blews
(44:06 / All) ANSOBANSO: that is ss material
(44:13 / All) GodsGoodBuddy: I say they lose
(44:16 / All) ANSOBANSO: deal